 Dungeon Crawl Stone Soup version 0.31-a0-744-gbc345e7fcb (webtiles) character file.

Game seed: 11293336676945343609

43 Ordine the Caller (level 3, 14/14 HPs)
             Began as a Felid Summoner on Sept 13, 2023.
             Quit the game on level 1 of the Dungeon.
             The game lasted 00:06:05 (1282 turns).

Ordine the Caller (Felid Summoner)                  Turns: 1282, Time: 00:06:06

Health: 14/14      AC:  1    Str:  4    XL:     3   Next: 37%
Magic:  8/8        EV: 17    Int: 18    God:
Gold:   27         SH:  0    Dex: 16    Spells: 1/7 levels left
                                        Lives:  0   Deaths: 1

rFire   . . .        (weapon unavailable)
rCold   . . .        (shield unavailable)
rNeg    . . .        (body armour unavailable)
rPois   .            (helmet unavailable)
rElec   .            (cloak unavailable)
rCorr   .            (gloves unavailable)
SInv    +            (boots unavailable)
Will    .....        (no amulet)
Stlth   ++           (no ring)
HPRegen 0.22/turn    (no ring)
MPRegen 0.11/turn

%: no passive effects
@: quick
A: very small, claws 1, fangs 3, see invisible, speed 1, shaggy fur 1, stealthy
paws, no weapons or thrown items, no armour, multi-lived
a: no special abilities


You were on level 1 of the Dungeon.
You visited 1 branch of the dungeon, and saw 2 of its levels.

You collected 27 gold pieces.

Inventory:

Armour
 e - a +2 leather armour of willpower
Scrolls
 b - a scroll of revelation {unknown}
 c - a scroll of immolation {unknown}
 d - a scroll of fear {unknown}
Potions
 a - a potion of magic


   Skills:
 - Level 2.6 Dodging
 - Level 2.6 Stealth
 + Level 2.9 Spellcasting
 + Level 4.6 Summonings


You had one spell level left.
You knew the following spells:

 Your Spells              Type           Power      Damage    Failure   Level
a - Summon Small Mammal   Summ           76%        N/A       2%          1
b - Call Imp              Summ           38%        N/A       3%          2
c - Call Canine Familiar  Summ           19%        N/A       8%          3

Your spell library contained the following spells:

 Spells                   Type           Power      Damage    Failure   Level
 Summon Guardian Golem    Hex/Summ       11%        N/A       19%         3
 Summon Lightning Spire   Summ/Air       11%        N/A       54%         4


Dungeon Overview and Level Annotations

Branches:
Dungeon (2/15)

Altars:


Innate Abilities, Weirdness & Mutations

You have sharp claws.
You have razor-sharp teeth.
You have supernaturally acute eyesight. (SInv)
You cover ground quickly. (Speed+)
You are covered in fur. (AC +1)
Your paws help you pounce on unaware monsters.
You are incapable of wielding weapons or throwing items.
You cannot wear armour.
You gain extra lives every three experience levels.


Message History

The kobold hits you with a +0 short sword.
The ball python barely misses you. x2
There is a stone staircase leading up here.
The adder closely misses you. The kobold completely misses you.
The ball python closely misses you. x2; The adder bites you but does no damage.
You climb upwards.
There is a stone staircase leading down, spattered with blood here.
Casting: Call Canine Familiar (astonishingly dangerous; 8% risk of failure)
Confirm with . or Enter, or press ? or * to list all spells.
You miscast Call Canine Familiar.
You are very lightly contaminated with residual magic.
Nothing appears to happen.
The kobold barely misses you. The adder barely misses you.
The ball python bites you but does no damage.
The ball python closely misses you.
Casting: Call Canine Familiar (astonishingly dangerous; 8% risk of failure)
Confirm with . or Enter, or press ? or * to list all spells.
The adder misses you. The kobold closely misses you.
The ball python closely misses you. The ball python grabs you.
The ball python constricts you.
A tiny devil pulls itself out of the air.
The adder closely misses you. The ball python misses you.
The ball python constricts you.
The kobold hits you with a +0 short sword.
Your hound closely misses the ball python.
The adder barely misses you.
You barely miss the ball python. The ball python barely misses you.
The ball python constricts you.
Your hound completely misses the ball python.
The kobold hits you with a +0 short sword.
The adder bites you.
* * * LOW HITPOINT WARNING * * *
The ball python bites you.
You die...
The ball python constricts you.
Your cerulean imp closely misses the kobold.
Your hound bites the ball python.
The ball python dies!
You rejoin the land of the living...
Are you sure you want to abandon this character and quit the game? (Confirm with "yes".)

#.# #.# ####.# #.#
#....# #.#
#.#..###.#
#.#..).|.#
#.##..####
#.#....#######
#.#..#.......#####
#@#......###.##...
#.##.###.###.##...
#............#....
####.###..####....
#.# ##.##......
#.# #..#.#...# #.#
##...+...# #.#
###.#...#
#.#######..#.##


There were no monsters in sight!

Vanquished Creatures
  A goblin (D:1)
  A kobold (D:2)
  2 ball pythons (D:1)
  A bat (D:1)
5 creatures vanquished.

Vanquished Creatures (collateral kills)
  A worm (D:1)
  4 dart slugs (D:1)
  5 ball pythons (D:1)
  A bat (D:1)
  An endoplasm (D:1)
  2 goblins (D:1)
  3 hobgoblins (D:1)
  A quokka (D:1)
  3 frilled lizards
  4 kobolds (D:1)
25 creatures vanquished.

Grand Total: 30 creatures vanquished

Notes
Turn   | Place    | Note
-------+----------+-------------------------------------------
     0 | D:1      | Ordine the Felid Summoner began the quest for the Orb.
     0 | D:1      | Reached XP level 1. HP: 7/7 MP: 4/4
   192 | D:1      | Reached XP level 2. HP: 11/11 MP: 4/6
   211 | D:1      | Learned a level 2 spell: Call Imp
   787 | D:1      | Reached XP level 3. HP: 14/14 MP: 5/8
   791 | D:1      | Learned a level 3 spell: Call Canine Familiar
  1281 | D:1      | Slain by a ball python
  1282 | D:1      | Quit the game

Illustrated notes

Levels and vault maps discovered:
D:1:      minmay_arrival_five_plusses, layout_basic
D:2:      layout_basic, basic_altar, uniq_natasha

Action                     || total
---------------------------++-------
  Melee: Unarmed           ||    22
         Bite              ||     3
   Cast: Summon Small Mamm ||    11
         Call Imp          ||    22
         Call Canine Famil ||     3
   Stab: Sleeping          ||     1
 Armour: Skin              ||    15
  Dodge: Dodged            ||    47

Table legend: (Time is in decaauts)
 A = Elapsed time spent in this place.
 B = Non-inter-level travel time spent in this place.
 C = Inter-level travel time spent in this place.
 D = Time resting spent in this place.
 E = Time spent auto-exploring this place.
 F = Levels seen in this place.
 G = Mean time per level.
                   A        B        C        D        E       F      G
               +--------+--------+--------+--------+--------+-----+--------+
         Total |   1153 |   1107 |     46 |     67 |    734 |   2 |  576.5 |
       Dungeon |   1153 |   1107 |     46 |     67 |    734 |   2 |  576.5 |
               +--------+--------+--------+--------+--------+-----+--------+

Top non-repeatable levels by time:
     D:1: 1133 daAuts
     D:2: 19 daAuts
